 Dungeon Crawl Stone Soup version 0.21.1-1-g345015fe64 (webtiles) character file.

3188 GotenAND the Grappler (level 9, -1/83 HPs)
             Began as a Troll Fighter on July 4, 2018.
             Was a Follower of Trog.
             Splashed by Maurice's acid (12 damage)
             ... on level 8 of the Dungeon.
             The game lasted 00:25:49 (5602 turns).

GotenAND the Grappler (Troll Fighter)               Turns: 5602, Time: 00:25:49

Health: -1/83      AC:  5    Str: 34    XL:     9   Next: 64%
Magic:  8/8        EV: 13    Int:  4    God:    Trog [*.....]
Gold:   522        SH:  0    Dex:  9    Spells: 8/8 levels left

rFire    . . .     SeeInvis .     - Unarmed
rCold    . . .     Gourm    +   (no shield)
rNeg     . . .     Faith    .   p - +0 robe
rPois    .         Spirit   .   (helmet restricted)
rElec    .         Reflect  .   (no cloak)
rCorr    .         Harm     +   (gloves unavailable)
MR       +....                  (boots unavailable)
Stlth    +.........             m - amulet of harm
HPRegen  0.63/turn              w - +2 ring of evasion
MPRegen  0.11/turn              x - ring of protection from magic

@: mighty
A: large, unfitting armour, claws 3, fast metabolism 3, gourmand, regeneration
1, shaggy fur 1, tough skin 2
a: Berserk, Burn Spellbooks, Renounce Religion


You were on level 8 of the Dungeon.
You worshipped Trog.
Trog was aware of your devotion.
You were completely stuffed.

You visited 1 branch of the dungeon, and saw 8 of its levels.
You also visited: Sewer.

You collected 522 gold pieces.

Inventory:

Hand Weapons
 a - a +0 war axe
 n - a +0 flail
Armour
 p - a +0 robe (worn)
Jewellery
 m - an amulet of harm (around neck)
 w - a +2 ring of evasion (left claw)
 x - a ring of protection from magic (right claw)
Wands
 b - a wand of polymorph (16)
Scrolls
 e - 7 scrolls of remove curse
 k - 3 scrolls of enchant weapon
 q - 5 scrolls of teleportation
 r - 10 scrolls of magic mapping
 s - 2 scrolls of fear
 t - a scroll of fog
 v - a scroll of immolation
 C - a scroll of random uselessness
Potions
 d - 2 potions of might
 g - 8 potions of curing
 h - 4 potions of haste
 i - 2 potions of degeneration
 j - 3 potions of brilliance
 o - 2 potions of magic
 u - 2 potions of lignification {unknown}
 z - 2 potions of mutation {unknown}
 A - a potion of agility {unknown}
 B - a potion of flight {unknown}
 F - a potion of cancellation {unknown}
Comestibles
 c - a chunk of flesh
 f - 17 rations


   Skills:
 + Level 3.2 Fighting
 - Level 1.5 Axes
 + Level 4.7 Dodging
 - Level 1.0 Stealth
   Level 4.6 Shields
 * Level 11.0 Unarmed Combat


You had 8 spell levels left.
You didn't know any spells.

Dungeon Overview and Level Annotations

Branches:
Dungeon (8/15)             Temple (0/1) D:6
   Lair: D:8-11

Altars:
Dithmenos
Elyvilon
Fedhas
Makhleb
Sif Muna
Trog
Zin
The Shining One

Annotations:
D:8 Maurice


Innate Abilities, Weirdness & Mutations

You are too large for most types of armour.
You have claws for hands.
Your metabolism is lightning-fast.
You like to eat raw meat.
Your natural rate of healing is unusually fast.
You are covered in fur. (AC +1)
You have very tough skin. (AC +2)


Message History

Maurice hits you with a dagger. Maurice steals your book of Callings!
You claw Maurice!
Maurice is moderately wounded.
Maurice hits you with a dagger.
Maurice steals 1 of your 4 potions of brilliance!
You scratch Maurice.
Maurice is moderately wounded.
Maurice zaps a wand.
The bolt of acid hits you!
You are splashed with acid!
The acid burns!
It is a wand of acid (6).
You are too injured to fight recklessly!
You are too injured to fight recklessly!
You are too injured to fight recklessly!
You feel very mighty all of a sudden. Maurice barely misses you.
You closely miss Maurice.
Maurice is moderately wounded.
Maurice zaps a wand.
The bolt of acid hits you!
* * * LOW HITPOINT WARNING * * *
You are splashed with acid!
The acid burns!
You die...

.. ..# #..###
... ####
###....# ##.#
######.....###
#?#
#.........<...
#.#
#.##..8....###
#.#
#.##......##
#<# #.#.......#
#@# #.#......##
#@# #.#......#
#.###.#.....##
#.........รท.##
######.......#
##...8..#
#.......#
##.......#
##.......#
#########


You could see Maurice.

Vanquished Creatures
  An ugly thing (D:8)
  Sigmund (D:6)
  The ghost of patthesweetcat the Firebug, an amateur OpFE of Sif Muna (D:5)
  A yak (D:8)
  Duvessa (D:6)
  2 sky beasts (D:6)
  2 orc warriors (D:6)
  2 ice beasts
  A hornet zombie (D:8)
  2 ogres
  A phantom (D:5)
  2 centaurs
  A big kobold (D:7)
  3 bullfrogs
  Dowan (D:6)
  A water moccasin zombie (D:5)
  A water moccasin skeleton (D:5)
  A jelly (D:7)
  An orc priest (D:6)
  4 orc wizards
  A bullfrog skeleton (D:4)
  2 hounds
  4 worker ants
  A worker ant zombie (D:2)
  6 gnolls
  12 adders
  4 river rats (Sewer)
  A howler monkey simulacrum (D:8)
  3 oozes
  An adder skeleton (D:4)
  An adder zombie (D:6)
  3 worms
  A dart slug (D:1)
  6 leopard geckos
  18 orcs
  12 giant cockroaches
  3 goblins (D:1)
  6 hobgoblins
  11 jackals
  4 quokkas
  14 ball pythons
  8 bats
  3 frilled lizards
  12 kobolds
  36 rats
203 creatures vanquished.

Notes
Turn   | Place    | Note
-------+----------+-------------------------------------------
     0 | D:1      | GotenAND the Troll Fighter began the quest for the Orb.
     0 | D:1      | Reached XP level 1. HP: 22/22 MP: 0/0
   223 | D:1      | Reached XP level 2. HP: 29/29 MP: 1/1
   597 | D:2      | Reached skill level 1 in Unarmed Combat
   653 | D:2      | Reached XP level 3. HP: 35/36 MP: 2/2
   910 | D:2      | Reached skill level 2 in Unarmed Combat
  1201 | D:2      | Reached XP level 4. HP: 44/44 MP: 3/3
  1290 | D:2      | Found a deep blue altar of Sif Muna.
  1731 | D:3      | Found a glowing drain.
  1752 | Sewer    | Entered a sewer
  1770 | Sewer    | Reached skill level 3 in Unarmed Combat
  1851 | Sewer    | Reached XP level 5. HP: 45/50 MP: 4/4
  2020 | Sewer    | Reached skill level 4 in Unarmed Combat
  2020 | Sewer    | Reached XP level 6. HP: 57/59 MP: 5/5
  2540 | D:3      | Found a glowing golden altar of the Shining One.
  2543 | D:3      | Found a glowing silver altar of Zin.
  2543 | D:3      | Found a white marble altar of Elyvilon.
  2721 | D:4      | Reached skill level 5 in Unarmed Combat
  2912 | D:4      | Found a blossoming altar of Fedhas.
  2943 | D:4      | Reached XP level 7. HP: 66/66 MP: 6/6
  3158 | D:4      | Noticed a moth of wrath
  3161 | D:4      | Found a bloodstained altar of Trog.
  3250 | D:4      | Became a worshipper of Trog the Wrathful
  3294 | D:4      | Reached skill level 6 in Unarmed Combat
  3391 | D:5      | Entered Level 5 of the Dungeon
  3471 | D:5      | Reached skill level 7 in Unarmed Combat
  3674 | D:5      | Reached XP level 8. HP: 74/74 MP: 7/7
  3708 | D:5      | Noticed patthesweetcat's ghost (amateur OpFE)
  3718 | D:5      | Killed patthesweetcat's ghost
  3718 | D:5      | Reached skill level 1 in Stealth
  4013 | D:5      | Found a burning altar of Makhleb.
  4093 | D:6      | Noticed Duvessa
  4097 | D:6      | Noticed Dowan
  4101 | D:6      | Reached skill level 8 in Unarmed Combat
  4112 | D:6      | Killed Duvessa
  4118 | D:6      | Killed Dowan
  4238 | D:6      | Found a shadowy altar of Dithmenos.
  4328 | D:6      | Noticed Sigmund
  4340 | D:6      | Killed Sigmund
  4340 | D:6      | Reached skill level 9 in Unarmed Combat
  4576 | D:6      | Reached XP level 9. HP: 72/81 MP: 8/8
  4600 | D:6      | Found a staircase to the Ecumenical Temple.
  4846 | D:7      | Reached * piety under Trog
  5290 | D:7      | Reached skill level 10 in Unarmed Combat
  5483 | D:8      | Noticed a green ugly thing
  5492 | D:8      | Killed a green ugly thing
  5496 | D:8      | Reached skill level 11 in Unarmed Combat
  5595 | D:8      | Noticed Maurice
  5602 | D:8      | Splashed by Maurice's acid

Skill      XL: |  1  2  3  4  5  6  7  8  9 |
---------------+----------------------------+-----
Unarmed Combat | 1 2 3 4 5 7 9 11 | 11.0
Shields        | 3 4 |  4.6
Dodging        | 3 4 |  4.7
Fighting       | 3 |  3.2
Stealth        | 1 |  1.0
Axes           | |  1.5

Action                   |  1- 3 |  4- 6 |  7- 9 || total
-------------------------+-------+-------+-------++-------
Melee: Unarmed           |   106 |   218 |   249 ||   573
       Punch             |       |       |     1 ||     1
  Use: Scroll            |       |     7 |     6 ||    13
       Potion            |       |       |     3 ||     3
 Stab: Sleeping          |     1 |     2 |     4 ||     7
  Eat: Chunk             |     9 |    21 |    25 ||    55
       Ration            |       |     1 |       ||     1
Armor: Robe              |    39 |    86 |    33 ||   158
Dodge: Dodged            |    48 |    84 |    73 ||   205
Block: Shield            |    60 |   114 |    88 ||   262
